 Dungeon Crawl Stone Soup version 0.28-a0-664-gc179e30c89 (webtiles) character file.

Game seed: 1592293557025214099

106 tilp the Magician (level 4, -4/32 HPs)
             Began as a Gnoll Hedge Wizard on Oct 15, 2021.
             Slain by a black bear (11 damage)
             ... created by the rage of Trog
             ... on level 2 of the Dungeon.
             The game lasted 00:04:14 (1752 turns).

tilp the Magician (Gnoll Hedge Wizard)              Turns: 1752, Time: 00:04:14

Health: -4/32      AC:  3    Str:  9    XL:     4   Next: 84%
Magic:  13/13      EV: 12    Int: 21    God:
Gold:   65         SH:  0    Dex: 11    Spells: 10/17 levels left

rFire   . . .      SeeInvis .   a - +1 mace (protect)
rCold   . . .      Faith    .   (no shield)
rNeg    . . .      Spirit   .   k - +0 leather armour
rPois   +          Reflect  .   c - +0 hat
rElec   .          Harm     .   (no cloak)
rCorr   .          Rampage  .   (no gloves)
Will    .....                   (no boots)
Stlth   ++........              (no amulet)
HPRegen 0.10/turn               o - +6 ring of intelligence
MPRegen 0.13/turn               v - ring of poison resistance

@: attractive, flying
A: fangs 1, strong nose, distributed training
a: no special abilities


You were on level 2 of the Dungeon.
You visited 1 branch of the dungeon, and saw 2 of its levels.

You collected 65 gold pieces.

Inventory:

Hand Weapons
 a - a +1 mace of protection (weapon)
 b - a +3 mace
 s - a +0 dagger
Missiles
 d - 20 stones (quivered)
 i - 14 bolts
 p - 2 boomerangs
Armour
 c - a +0 hat (worn)
 h - a +0 scale mail
 k - a +0 leather armour (worn)
 n - a +0 plate armour
 u - a +0 pair of gloves
Jewellery
 o - a +6 ring of intelligence (left hand)
 v - a ring of poison resistance (right hand)
Wands
 r - a wand of charming (10)
Scrolls
 e - a scroll of teleportation {unknown}
 f - a scroll of identify {unknown}
 m - a scroll of fear {unknown}
 t - a scroll of holy word {unknown}
Potions
 g - a potion of flight
 q - a potion of mutation {unknown}


   Skills:
 + Level 1.2 Fighting
 + Level 1.2 Short Blades
 + Level 1.2 Long Blades
 + Level 1.2 Axes
 + Level 1.2 Maces & Flails
 + Level 1.2 Polearms
 + Level 1.2 Staves
 + Level 1.2 Slings
 + Level 1.2 Bows
 + Level 1.2 Crossbows
 + Level 1.2 Throwing
 + Level 1.2 Armour
 + Level 4.7 Dodging
 + Level 4.3 Stealth
 + Level 1.2 Shields
 + Level 1.2 Unarmed Combat
 + Level 7.2 Spellcasting
 + Level 2.3 Conjurations
 + Level 1.0 Hexes
 + Level 2.3 Summonings
 + Level 1.0 Necromancy
 + Level 2.3 Translocations
 + Level 1.0 Transmutations
 + Level 1.0 Fire Magic
 + Level 1.0 Ice Magic
 + Level 1.0 Air Magic
 + Level 1.0 Earth Magic
 + Level 1.0 Poison Magic
 + Level 1.4 Invocations
 + Level 1.2 Evocations


You had 10 spell levels left.
You knew the following spells:

 Your Spells              Type           Power      Damage    Failure   Level
a - Magic Dart            Conj           68%        1d6       4%          1
b - Call Imp              Summ           17%        N/A       7%          2
c - Blink                 Tloc           N/A        N/A       7%          2
d - Slow                  Hex            12%        N/A       12%         2

Your spell library contained the following spells:

 Spells                   Type           Power      Damage    Failure   Level
 Conjure Flame            Conj/Fire      14%        6-21      17%         3
 Mephitic Cloud           Conj/Pois/Air  13%        N/A       19%         3


Dungeon Overview and Level Annotations

Branches:
Dungeon (2/15)

Altars:
Trog

Annotations:
D:2 1 runed translucent door, Crazy Yiuf


Innate Abilities, Weirdness & Mutations

You have very sharp teeth.
Your uncanny sense of smell can sniff out nearby items.
Your experience applies equally to all skills.


Message History

You swap places.
v - a ring of poison resistance
v - a ring of poison resistance (right hand) Trog sends monsters to punish you.
The divine experience confuses you!
You are confused.
A polar bear and 4 black bears come into view.
Unknown command.
You're too confused to cast spells.
Are you sure you want to stumble around while confused and next to your white imp?
Okay, then.
It was a potion of flight.
You feel very buoyant.
You fly up into the air.
Okay, then.
You are too confused!
Okay, then.
Unknown command.
Unknown command.
It was a potion of attraction.
You feel attractive to monsters. The black bear closely misses you.
The black bear claws you. x2
Your white imp hits the black bear.
Your white imp freezes the black bear.
The black bear rages.
The polar bear completely misses you. The polar bear closely misses you.
The polar bear misses you.
Unknown command.
It was a potion of curing.
You feel better. The black bear misses you. The black bear claws you.
The black bear barely misses you. The black bear bites you.
The black bear claws you.
The black bear barely misses you. x4; The black bear bites your white imp!
The black bear claws your white imp.
Your white imp dies!
Your white imp disappears in a puff of smoke!
The polar bear bites you!
* * * LOW HITPOINT WARNING * * *
The polar bear misses you. The polar bear closely misses you.
The black bear closely misses you. x2; The black bear claws you.
* * * LOW HITPOINT WARNING * * *
The black bear bites you!
You die...

#∆ ## #...........#
.# ........... .#
##..#...... .## ##
.........# ..# ∆ #.$
#.......# ..#
..##...|...# ..##
......hh...# ...##.#
#...h@h..# ...#...
#....§h..# .#.##.#
##..†....# .#.##.#
#.......# .#.##.#
#.......# ##.##.#
####.......#
#..##.####...†#######
..)##.......†.#
......####....#


You could see a polar bear (berserk) and 4 black bears.

Vanquished Creatures
  A hound (D:2)
  4 adders (D:2)
  2 dart slugs
  2 ball pythons
  A bat (D:1)
  4 endoplasms
  A giant cockroach (D:2)
  3 goblins
  4 hobgoblins
  3 jackals (D:1)
  A quokka (D:1)
  2 frilled lizards
  2 kobolds (D:1)
  6 rats
36 creatures vanquished.

Notes
Turn   | Place    | Note
-------+----------+-------------------------------------------
     0 | D:1      | tilp the Gnoll Hedge Wizard began the quest for the Orb.
     0 | D:1      | Reached XP level 1. HP: 13/13 MP: 8/8
   197 | D:1      | Reached XP level 2. HP: 12/19 MP: 2/10
   200 | D:1      | Learned a level 2 spell: Call Imp
   203 | D:1      | Learned a level 2 spell: Blink
   206 | D:1      | Learned a level 2 spell: Slow
   460 | D:1      | Found a faded altar of an unknown god.
   900 | D:1      | Reached XP level 3. HP: 25/25 MP: 3/11
  1134 | D:1      | Prayed at the altar of an unknown god.
  1134 | D:1      | Became a worshipper of Trog the Wrathful
  1134 | D:1      | Reached * piety under Trog
  1162 | D:2      | Was placed under penance by Trog
  1228 | D:2      | Reached skill level 1 in Invocations
  1312 | D:2      | Fell from the grace of Trog
  1407 | D:2      | Reached skill level 1 in Fighting
  1407 | D:2      | Reached skill level 1 in Short Blades
  1407 | D:2      | Reached skill level 1 in Long Blades
  1407 | D:2      | Reached skill level 1 in Axes
  1407 | D:2      | Reached skill level 1 in Maces & Flails
  1407 | D:2      | Reached skill level 1 in Polearms
  1407 | D:2      | Reached skill level 1 in Staves
  1407 | D:2      | Reached skill level 1 in Slings
  1407 | D:2      | Reached skill level 1 in Bows
  1407 | D:2      | Reached skill level 1 in Crossbows
  1407 | D:2      | Reached skill level 1 in Throwing
  1407 | D:2      | Reached skill level 1 in Armour
  1407 | D:2      | Reached skill level 1 in Shields
  1407 | D:2      | Reached skill level 1 in Unarmed Combat
  1407 | D:2      | Reached skill level 1 in Evocations
  1407 | D:2      | Reached XP level 4. HP: 32/32 MP: 5/13
  1418 | D:2      | Found a runed translucent door.
  1419 | D:2      | Noticed Crazy Yiuf
  1617 | D:2      | Reached skill level 1 in Hexes
  1617 | D:2      | Reached skill level 1 in Necromancy
  1617 | D:2      | Reached skill level 1 in Transmutations
  1617 | D:2      | Reached skill level 1 in Fire Magic
  1617 | D:2      | Reached skill level 1 in Ice Magic
  1617 | D:2      | Reached skill level 1 in Air Magic
  1617 | D:2      | Reached skill level 1 in Earth Magic
  1617 | D:2      | Reached skill level 1 in Poison Magic
  1750 | D:2      | Noticed a polar bear
  1750 | D:2      | Noticed a black bear
  1750 | D:2      | Noticed a black bear
  1750 | D:2      | Noticed a black bear
  1750 | D:2      | Noticed a black bear
  1752 | D:2      | Slain by a black bear

Illustrated notes

Levels and vault maps discovered:
D:1:      dpeg_arrival_water_temple_mockup, layout_basic,
          shapermc_ecumenical_altar_ellora, minmay_hexomino_f4
D:2:      minmay_spotlight, layout_rooms, uniq_crazy_yiuf_cottage

Skill      XL: |  1  2  3  4 |
---------------+-------------+-----
Conjurations   | 2 |  2.3
Summonings     | 2 |  2.3
Translocations | 2 |  2.3
Invocations    | 1 |  1.4
Fighting       | 1 |  1.2
Short Blades   | 1 |  1.2
Long Blades    | 1 |  1.2
Axes           | 1 |  1.2
Maces & Flails | 1 |  1.2
Polearms       | 1 |  1.2
Staves         | 1 |  1.2
Slings         | 1 |  1.2
Bows           | 1 |  1.2
Crossbows      | 1 |  1.2
Throwing       | 1 |  1.2
Armour         | 1 |  1.2
Shields        | 1 |  1.2
Unarmed Combat | 1 |  1.2
Evocations     | 1 |  1.2
Hexes          | 1 |  1.0
Necromancy     | 1 |  1.0
Transmutations | 1 |  1.0
Fire Magic     | 1 |  1.0
Ice Magic      | 1 |  1.0
Air Magic      | 1 |  1.0
Earth Magic    | 1 |  1.0
Poison Magic   | 1 |  1.0
Dodging        | |  4.7
Stealth        | |  4.3
Spellcasting   | |  7.2

Action                   |  1- 3 |  4- 6 || total
-------------------------+-------+-------++-------
Throw: Stone             |     2 |       ||     2
 Cast: Magic Dart        |    71 |    23 ||    94
       Call Imp          |       |     2 ||     2
  Use: Potion            |       |     3 ||     3
Armor: Leather armour    |       |     1 ||     1
Dodge: Dodged            |     4 |    15 ||    19

Table legend: (Time is in decaauts)
 A = Elapsed time spent in this place.
 B = Non-inter-level travel time spent in this place.
 C = Inter-level travel time spent in this place.
 D = Time resting spent in this place.
 E = Time spent auto-exploring this place.
 F = Levels seen in this place.
 G = Mean time per level.
                   A        B        C        D        E       F      G
               +--------+--------+--------+--------+--------+-----+--------+
         Total |   1750 |   1694 |     56 |    125 |   1329 |   2 |  875.0 |
       Dungeon |   1750 |   1694 |     56 |    125 |   1329 |   2 |  875.0 |
               +--------+--------+--------+--------+--------+-----+--------+

Top non-repeatable levels by time:
     D:1: 1158 daAuts
     D:2: 591 daAuts
